AoeStats
← Lagarto Fernando

MegaRandom

509582587Analyzed
4v4 RM · 4d ago on Sep 27, 2026· 41m 38s· 8 players
Game mode
Random Map
Map size
Large (8 player)
Population
200
Speed
Normal
Resources
Standard
Victory
Conquest
Starting age
Dark Age
Ending age
Imperial Age
RankedLock teamsTeams togetherTeam positionsShared explorationLock speedFull tech treeHidden civsTurbo modeCheats
Victory
Defeat
🇦🇷 Maya · Argentina
1249
+13
1174
+16
1128
+18
🇨🇳 Ethiopians · China
1102
+18
🇪🇸 Persians · Spain
1214
-18
🇬🇧 Danes · United Kingdom
1182
-17
🇷🇺 Varangians · Russia
1150
-15
🇮🇹 Franks · Italy
1136
-15
Gas
7:30 Loom
10:07 Feudal Age
10:39 Double-Bit Axe
15:39 Castle Age
13:52 Horse Collar
16:26 Husbandry
18:20 Bloodlines
20:13 Bow Saw
21:26 Town Watch
23:22 Heavy Plow
24:11 Scale Barding Armor
25:43 Wheelbarrow
25:41 Gold Mining
25:41 Stone Mining
27:17 Town Patrol
28:47 Hand Cart
31:36 Squires
31:23 Gambesons
32:50 Scale Mail Armor
33:01 Forging
32:42 Fletching
32:53 Padded Archer Armor
33:13 Treadmill Crane
33:54 Ballistics
33:30 Murder Holes
33:50 Masonry
34:40 Arson
39:31 Imperial Age
37:55 Chain Mail Armor
38:16 Iron Casting
39:45 Elite Varangian Guard
PatCrespo
11:31 Feudal Age
15:18 Castle Age
13:39 Double-Bit Axe
15:03 Stone Mining
16:42 Horse Collar
19:09 Loom
20:01 Scale Mail Armor
20:12 Forging
20:38 Fishing Lines
21:59 Wheelbarrow
27:15 Chain Mail Armor
27:35 Iron Casting
26:53 Hamask
27:59 Bow Saw
28:42 Squires
28:27 Arson
33:42 Imperial Age
Flanker_08
12:06 Feudal Age
16:23 Castle Age
14:28 Double-Bit Axe
17:08 Wheelbarrow
17:43 Bow Saw
19:33 Husbandry
22:34 Loom
24:41 Hand Cart
35:22 Imperial Age
32:39 Town Watch
33:45 Town Patrol
35:47 Onager
40:02 Cavalier
Lagarto Fernando
0:39 Loom
11:32 Feudal Age
12:43 Wheelbarrow
11:56 Double-Bit Axe
11:52 Horse Collar
13:48 Town Watch
14:02 Gold Mining
22:42 Castle Age
21:10 Stone Mining
23:25 Bow Saw
27:27 Stone Shaft Mining
27:29 Gold Shaft Mining
26:57 Heavy Plow
28:12 Forging
28:07 Scale Barding Armor
30:05 Hand Cart
30:02 Fletching
30:48 Iron Casting
30:33 Chain Barding Armor
31:03 Ballistics
31:41 Town Patrol
32:50 Bodkin Arrow
38:16 Imperial Age
39:32 Blast Furnace
39:08 Plate Barding Armor
38:59 Husbandry
39:10 Bloodlines
39:38 Conscription
41:02 Elite War Elephant
RadiocaT
10:28 Feudal Age
11:02 Double-Bit Axe
12:12 Horse Collar
17:06 Castle Age
15:14 Fletching
17:58 Crossbowman
20:32 Padded Archer Armor
20:27 Bodkin Arrow
25:25 Bow Saw
32:00 Thumb Ring
32:53 Gold Mining
34:40 Wheelbarrow
33:51 Loom
33:55 Town Watch
36:31 Hand Cart
36:17 Town Patrol
40:41 Imperial Age
38:49 Devotion
39:09 Sanctity
39:04 Fervor
38:54 Atonement
39:46 Gold Shaft Mining
39:02 Stone Mining
41:48 Conscription
40:52 Arbalester
41:39 Bracer
41:54 Leather Archer Armor
我知道你很急 但我不急
10:55 Feudal Age
15:08 Castle Age
13:46 Loom
14:37 Double-Bit Axe
16:52 Bow Saw
16:41 Fishing Lines
17:47 Wheelbarrow
19:06 Gillnets
25:55 Horse Collar
27:33 Heavy Plow
27:38 Gold Mining
28:24 Ballistics
29:41 Hand Cart
34:15 Imperial Age
31:48 Fletching
33:22 Bodkin Arrow
33:39 Ballistas
35:34 Conscription
36:16 Chemistry
35:22 Siege Engineers
34:43 Heavy Scorpion
Nightmare
0:28 Loom
10:30 Feudal Age
15:15 Castle Age
13:33 Double-Bit Axe
16:08 Bow Saw
15:40 Fishing Lines
16:49 Gillnets
17:42 Wheelbarrow
19:21 Town Watch
19:51 Hand Cart
20:41 Gold Mining
25:11 Fletching
25:35 Padded Archer Armor
26:20 Bodkin Arrow
27:26 Leather Archer Armor
28:14 Ballistics
32:10 Imperial Age
31:36 Scale Mail Armor
31:47 Forging
31:31 Eagle Warrior
33:06 Chain Mail Armor
33:36 Holcans
33:17 Bracer
34:15 Conscription
34:17 Squires
35:26 Chain Mail Armor
34:58 Elite Eagle Warrior
36:38 Plate Mail Armor
38:38 Iron Casting
38:58 Bracer
39:28 Ring Archer Armor
39:34 Arson
噜噜啊噜噜噜噜噜
3:00 Loom
13:43 Feudal Age
15:35 Wheelbarrow
15:05 Double-Bit Axe
15:45 Gold Mining
17:57 Castle Age
17:11 Stone Mining
17:34 Scale Barding Armor
17:40 Forging
17:18 Town Watch
19:59 Bow Saw
20:29 Gold Shaft Mining
22:02 Iron Casting
27:47 Hand Cart
31:42 Imperial Age
29:37 Chain Barding Armor
29:18 Scale Mail Armor
29:19 Padded Archer Armor
29:09 Fletching
30:30 Fortified Wall
31:38 Husbandry
31:00 Light Cavalry
33:41 Chemistry
33:21 Plate Barding Armor
33:50 Blast Furnace
32:40 Cavalier
34:15 Squires
34:00 Arson
35:42 Town Patrol
37:54 Hoardings
37:40 Conscription
38:44 Paladin
40:23 Chivalry
39:46 Pikeman
39:47 Man-at-Arms
40:12 Gambesons
40:49 Chain Mail Armor
40:49 Leather Archer Armor
40:24 Fletching
Connection lost

Rejoining the realm…

Still unreachable

The connection could not be restored.

Session expired

The server has moved on; the page needs a fresh start.